 Dungeon Crawl Stone Soup version 0.30.1-9-gdf580d7c3d (webtiles) character file.

Game seed: 2636269955548570638

591 leafyfresh the Magician (level 7, -1/45 HPs)
             Began as a Djinni Ice Elementalist on Oct 15, 2023.
             Slain by an ice beast (14 damage)
             ... on level 5 of the Dungeon.
             The game lasted 00:05:17 (4524 turns).

leafyfresh the Magician (Djinni Ice Elementalist)   Turns: 4524, Time: 00:05:19

Health: -1/45      AC:  7    Str:  7    XL:     7   Next: 66%
Gold:   268        EV: 12    Int: 18    God:
                   SH:  0    Dex: 14

rFire   + + +        s - +4 quarterstaff (chaos)
rCold   . . .        (shield currently unavailable)
rNeg    . . .        a - +0 robe
rPois   ∞            (no helmet)
rElec   .            n - scarf {rC+ rF+}
rCorr   .            x - +0 pair of gloves
SInv    .            (boots unavailable)
Will    .....        p - amulet of the acrobat
Stlth   ++           y - +4 ring of protection
HPRegen 0.27/turn    (no ring)
MPRegen 0.00/turn

%: acrobat, infuse magic (-2 HP)
@: freezing walls, flying, very slightly contaminated
A: sickness immunity, fire resistance 2, cold vulnerability 1, float, innate
caster, HP casting, extra vitality 1
a: no special abilities


You were on level 5 of the Dungeon.
You visited 1 branch of the dungeon, and saw 5 of its levels.

You collected 268 gold pieces.

Inventory:

Hand Weapons
 f - a +0 dagger
 s - a +4 quarterstaff of chaos (weapon)
 v - the +1 long sword of a bazaar {vamp, rPois Str+5 Dex-5 SInv}
   (You took it off a kobold on level 3 of the Dungeon)

   Str:       It affects your strength (+5).
   Dex:       It affects your dexterity (-5).
   rPois:     It protects you from poison.
   SInv:      It lets you see invisible.
Armour
 a - a +0 robe (worn)
 n - a scarf of resistance (worn)
 x - a +0 pair of gloves (worn)
 B - a +2 cloak
Jewellery
 p - an amulet of the acrobat (around neck)
 y - a +4 ring of protection (left hand)
Scrolls
 b - 2 scrolls of teleportation {unknown}
 e - a scroll of brand weapon {unknown}
 g - 2 scrolls of fear {unknown}
 h - a scroll of fog {unknown}
 i - 4 scrolls of identify {unknown}
 o - a scroll of poison {unknown}
 q - a scroll of magic mapping {unknown}
 r - a scroll of butterflies {unknown}
 w - a scroll of silence {unknown}
 A - a scroll of enchant weapon {unknown}
Potions
 c - 2 potions of attraction {unknown}
 d - 4 potions of might {unknown}
 j - 2 potions of degeneration {unknown}
 k - a potion of flight {unknown}
 l - a potion of curing
 m - a potion of brilliance {unknown}
 t - a potion of lignification {unknown}
 u - 2 potions of berserk rage {unknown}
 z - a potion of mutation {unknown}


   Skills:
 - Level 2.1 Dodging
 - Level 1.5 Stealth
 + Level 6.8 Spellcasting


You knew the following spells:

 Your Spells              Type           Power      Damage    Failure   Level
a - Freeze                Ice            100%       1d10      1%          1
b - Frozen Ramparts       Ice            60%        1d10      1%          3
c - Ozocubu's Armour      Ice            30%        N/A       1%          3
d - Summon Ice Beast      Ice/Summ       30%        N/A       7%          4
e - Summon Small Mammal   Summ           100%       N/A       1%          1
f - Passwall              Tmut/Erth      25%        N/A       1%          2
g - Dazzling Flash        Conj/Hex       60%        N/A       1%          3
Your spell library was empty.

Dungeon Overview and Level Annotations

Branches:
Dungeon (5/15)
 Temple: D:4-7

Altars:
Elyvilon
Zin


Innate Abilities, Weirdness & Mutations

You are immune to sickness and miasma.
You are immune to poison.
Your flesh is very heat resistant. (rF++)
You are vulnerable to cold. (rC-)
You float through the air rather than walking.
You learn spells naturally, not from books.
Your magical power is your life essence.
You have superior vitality. (+4 MHP)


Message History

You hear some strange, mumbled words.
A puff of flame appears from out of thin air!
The puff of flame misses you. The ice beast closely misses you.
Something hits you.
You hit the ice beast.
You melt the ice beast.
The ice beast is heavily wounded.
The ice beast closely misses you.
You hear some strange, mumbled words.
A puff of flame appears from out of thin air!
The puff of flame misses you.
Unknown command.
Casting: Frozen Ramparts (safe; 1% risk of failure)
Confirm with . or Enter, or press ? or * to list all spells.
Casting: Frozen Ramparts (safe; 1% risk of failure)
Press: ? - help, Dir - look around, f - activate You miscast Frozen Ramparts.
You are very lightly contaminated with residual magic.
Nothing appears to happen.
The ice beast barely misses you.
Unknown command.
Unknown command.
Casting: Frozen Ramparts (safe; 1% risk of failure)
Confirm with . or Enter, or press ? or * to list all spells.
Casting: Frozen Ramparts (safe; 1% risk of failure)
Press: ? - help, Dir - look around, f - activate The walls around you are covered in ice.
The ice beast completely resists.
The wall freezes the ice beast but does no damage.
The ice beast hits you. The ice beast freezes you!
The wall freezes something.
Unknown command.
Unknown command.
Unknown command.
Unknown command.
You hit the ice beast.
The ice beast seems to grow stronger.
The ice beast is severely wounded.
The ice beast completely resists.
The wall freezes the ice beast but does no damage.
The ice beast hits you.
* * * LOW HITPOINT WARNING * * *
The ice beast freezes you!
You die...

.# . .# #.# # ###
####..#.# #.>
.......## #.#
#{.)..[.. #.# #Y#
##.########@#
######.#.#.......#
......###..#######
######.#...###
.######.#.....
.)....<....###
.######.....# ##
#####.# # .#


You could see an ice beast (strong).

Vanquished Creatures
  A hornet (D:4)
  2 scorpions
  A hound (D:4)
  Crazy Yiuf (D:2)
  3 orc priests
  2 adders
  3 worms
  5 orcs
  6 ball pythons
  8 bats
  7 endoplasms
  4 giant cockroaches
  7 goblins
  6 hobgoblins
  13 jackals
  6 kobolds
  A quokka (D:2)
  A frilled lizard (D:3)
  7 rats
84 creatures vanquished.

Vanquished Creatures (others)
  A hobgoblin (D:4)
  A jackal zombie (D:3)
2 creatures vanquished.

Grand Total: 86 creatures vanquished

Notes
Turn   | Place    | Note
-------+----------+-------------------------------------------
     0 | D:1      | leafyfresh the Djinni Ice Elementalist began the quest for
                  | the Orb.
     0 | D:1      | leafyfresh set off with the following spells memorised:
                  | Freeze, Frozen Ramparts, Ozocubu's Armour, Summon Ice
                  | Beast.
     0 | D:1      | Reached XP level 1. HP: 15/15 MP: 0/0
   273 | D:1      | Reached XP level 2. HP: 19/21 MP: 0/0
   633 | D:2      | Reached XP level 3. HP: 9/25 MP: 0/0
   633 | D:2      | Learned a level 1 spell: Summon Small Mammal
   863 | D:2      | Found a glowing silver altar of Zin.
   978 | D:2      | Reached skill level 4 in Spellcasting
  1322 | D:2      | Reached XP level 4. HP: 31/31 MP: 0/0
  1923 | D:2      | Found a runed translucent door.
  1924 | D:2      | Noticed Crazy Yiuf
  2251 | D:2      | Killed Crazy Yiuf
  2252 | D:2      | Reached XP level 5. HP: 7/35 MP: 0/0
  2252 | D:2      | Learned a level 2 spell: Passwall
  2651 | D:3      | Identified the +1 long sword of a bazaar {vamp, rPois Str+5
                  | Dex-5 SInv}
  2867 | D:3      | Reached skill level 5 in Spellcasting
  3320 | D:3      | Reached XP level 6. HP: 23/40 MP: 0/0
  3706 | D:4      | Noticed a hornet
  3715 | D:4      | Killed a hornet
  3716 | D:4      | Reached skill level 6 in Spellcasting
  3716 | D:4      | Reached XP level 7. HP: 14/45 MP: 0/0
  3716 | D:4      | Learned a level 3 spell: Dazzling Flash
  4198 | D:4      | Found a white marble altar of Elyvilon.
  4457 | D:5      | Entered Level 5 of the Dungeon
  4524 | D:5      | Slain by an ice beast

Illustrated notes

Levels and vault maps discovered:
D:1:      evilmike_arrival_plus, layout_basic
D:2:      kb_forest_paths, layout_basic, basic_altar, minmay_octomino_c4,
          uniq_crazy_yiuf_cottage
D:3:      layout_loops_ring
D:4:      layout_loops_ring, elyvilon_altar_4
D:5:      layout_loops_ring, kennysheep_orc_sif_temple, nicolae_overflow_squiral

Skill      XL: |  1  2  3  4  5  6 |
---------------+-------------------+-----
Spellcasting   | 4 5 6 |  6.8
Dodging        | |  2.1
Stealth        | |  1.5

Action                     |  1- 3 |  4- 6 |  7- 9 || total
---------------------------+-------+-------+-------++-------
  Melee: Unarmed           |    31 |       |       ||    31
         Punch             |     2 |     1 |       ||     3
         Dagger            |    44 |   106 |       ||   150
         Quarterstaff      |       |    61 |    30 ||    91
   Cast: Freeze            |    25 |    17 |       ||    42
         Frozen Ramparts   |     2 |     5 |     3 ||    10
         Ozocubu's Armour  |       |     3 |       ||     3
   Stab: Sleeping          |     5 |     2 |     2 ||     9
         Distracted        |       |     1 |       ||     1
         Petrifying        |       |     2 |       ||     2
 Armour: Robe              |    26 |    30 |    12 ||    68
  Dodge: Dodged            |    74 |   114 |    18 ||   206
